 Dungeon Crawl Stone Soup version 0.21.1-1-g345015f (webtiles) character file.

119 letownia2 the Ruffian (level 4, 29/33 HPs)
             Began as a Demonspawn Gladiator on July 15, 2018.
             Quit the game on level 5 of the Dungeon.
             The game lasted 00:05:02 (934 turns).

letownia2 the Ruffian (Demonspawn Gladiator)         Turns: 934, Time: 00:05:02

Health: 29/33      AC:  3    Str: 16    XL:     4   Next: 73%
Magic:  4/4        EV: 12    Int:  9    God:
Gold:   115        SH:  0    Dex: 14    Spells: 3/3 levels left

rFire    . . .     SeeInvis .   m - +1 dagger (drain)
rCold    . . .     Gourm    .   (no shield)
rNeg     . . .     Faith    .   a - +0 leather armour
rPois    .         Spirit   .   (helmet restricted)
rElec    .         Reflect  .   (no cloak)
rCorr    .         Harm     .   (no gloves)
MR       .....                  (no boots)
Stlth    +.........             (no amulet)
HPRegen  0.11/turn              (no ring)
MPRegen  0.09/turn              (no ring)

@: no status effects
A: antennae 1, powered by pain 1
a: no special abilities


You were on level 5 of the Dungeon.
You were not hungry.

You visited 1 branch of the dungeon, and saw 5 of its levels.

You collected 115 gold pieces.

Inventory:

Hand Weapons
 k - a +0 hunting sling
 m - a +1 dagger of draining (weapon)
 n - a +0 mace
 q - a +2 flail of protection
Missiles
 l - 21 sling bullets
Armour
 a - a +0 leather armour (worn)
 b - a +0 helmet
Scrolls
 e - 5 scrolls of teleportation {unknown}
 f - a scroll of amnesia {unknown}
 g - 2 scrolls of remove curse {unknown}
 h - a scroll of enchant armour {unknown}
 i - a scroll of identify {unknown}
 p - a scroll of noise {unknown}
Potions
 c - 2 potions of haste {unknown}
 j - a potion of curing {unknown}
 o - a potion of cancellation {unknown}
Comestibles
 d - 2 rations


   Skills:
 + Level 2.2 Fighting
 - Level 1.7 Throwing
 + Level 0.4 Armour
 - Level 2.6 Dodging
 + Level 4.8 Unarmed Combat


You had 3 spell levels left.
You didn't know any spells.

Dungeon Overview and Level Annotations

Branches:
Dungeon (5/15)
 Temple: D:4-7

Altars:


Innate Abilities, Weirdness & Mutations

You have a pair of small antennae on your head.
You sometimes gain a little power by taking damage.


Message History

The quokka bites you but does no damage.
You hit the quokka but do no damage.
The quokka bites you but does no damage.
You aren't carrying any pieces of jewellery.
Unknown command.
You hit the quokka.
The quokka is heavily wounded.
The quokka closely misses you.
You hit the quokka but do no damage.
The quokka is heavily wounded.
The quokka barely misses you. The quokka bites you.
You miss the quokka. Your punch misses the quokka.
The quokka is heavily wounded.
The quokka twitches its whiskers.
The quokka barely misses you.
You hit the quokka.
You kill the quokka!
No target in view!
No target in view!
Are you sure you want to abandon this character and quit the game? (Confirm with "yes".)

### #.. ....
#.#####......
#....(........
#..............
#...............
#@####...........
#.†..............
..#................
.....................
.....#.............###
.......#.............#
.....................#
)...#................#
....#......#...<.....#


There were no monsters in sight!

Vanquished Creatures
  Natasha (D:3)
  A gnoll (D:1)
  4 adders
  A worm (D:4)
  2 dart slugs
  2 leopard geckos
  4 orcs
  2 giant cockroaches (D:1)
  7 goblins
  A hobgoblin (D:2)
  2 quokkas
  A ball python (D:2)
  4 bats (D:2)
  2 kobolds
  3 rats (D:3)
37 creatures vanquished.

Notes
Turn   | Place    | Note
-------+----------+-------------------------------------------
     0 | D:1      | letownia2 the Demonspawn Gladiator began the quest for the Orb.
     0 | D:1      | Reached XP level 1. HP: 16/16 MP: 1/1
     9 | D:1      | Reached skill level 3 in Unarmed Combat
    69 | D:1      | Gained mutation: You sometimes gain a little power by taking damage. [demonic ancestry]
    69 | D:1      | Reached XP level 2. HP: 22/22 MP: 2/2
   162 | D:2      | Reached XP level 3. HP: 24/27 MP: 3/3
   177 | D:2      | Reached skill level 4 in Unarmed Combat
   509 | D:3      | Noticed Natasha
   518 | D:3      | Gained mutation: You have a pair of small antennae on your head. [demonic ancestry]
   518 | D:3      | Reached XP level 4. HP: 31/33 MP: 4/4
   527 | D:3      | Killed Natasha
   869 | D:4      | Noticed an ogre
   911 | D:5      | Entered Level 5 of the Dungeon
   934 | D:5      | Quit the game

Skill      XL: |  1  2  3 |
---------------+----------+-----
Unarmed Combat | 3 4 |  4.8
Fighting       | |  2.2
Throwing       | |  1.7
Armour         | |  0.4
Dodging        | |  2.6

Action                   |  1- 3 |  4- 6 || total
-------------------------+-------+-------++-------
Melee: Unarmed           |    81 |    18 ||    99
       Dagger            |     4 |    46 ||    50
       Punch             |       |     1 ||     1
Throw: Throwing net      |     5 |       ||     5
 Stab: Held in net/web   |     2 |       ||     2
Armor: Leather armour    |    26 |     9 ||    35
Dodge: Dodged            |    53 |    43 ||    96
